 Dungeon Crawl Stone Soup version 0.22-a0-603-gfc1114d (webtiles) character file.

54 sking99 the Ruffian (level 3, 0/29 HPs)
             Began as a Draconian Transmuter on July 7, 2018.
             Slain by Grinder (6 damage)
             ... on level 3 of the Dungeon.
             The game lasted 00:03:10 (1891 turns).

sking99 the Ruffian (Draconian Transmuter)          Turns: 1891, Time: 00:03:11

Health: 0/29       AC:  7    Str: 12    XL:     3   Next: 66%
Magic:  1/6        EV: 12    Int: 14    God:
Gold:   130        SH:  0    Dex: 11    Spells: 3/6 levels left

rFire    . . .     SeeInvis .     - Unarmed
rCold    . . .     Gourm    .   (no shield)
rNeg     . . .     Faith    .   (armour unavailable)
rPois    .         Spirit   .   i - +2 hat
rElec    .         Reflect  .   (no cloak)
rCorr    .         Harm     .   (no gloves)
MR       .....                  (no boots)
Stlth    +.........             (no amulet)
HPRegen  0.09/turn              (no ring)
MPRegen  0.10/turn              (no ring)

@: no status effects
A: unfitting armour, cold-blooded, AC +5
a: no special abilities


You were on level 3 of the Dungeon.
You were not hungry.

You visited 1 branch of the dungeon, and saw 3 of its levels.

You collected 130 gold pieces.

Inventory:

Missiles
 a - 9 arrows
Armour
 i - a +2 hat (worn)
Scrolls
 d - 2 scrolls of identify {unknown}
 f - 3 scrolls of amnesia {unknown}
 g - a scroll of enchant weapon {unknown}
 h - 2 scrolls of teleportation {unknown}
 k - 2 scrolls of magic mapping {unknown}
Potions
 b - a potion of brilliance {unknown}
 e - 2 potions of curing {unknown}
 j - 2 potions of lignification {unknown}
 l - a potion of heal wounds {unknown}
 n - a potion of invisibility {unknown}
Comestibles
 c - 4 rations
 m - 2 chunks of flesh


   Skills:
 + Level 2.1 Fighting
 - Level 1.7 Dodging
 * Level 3.9 Unarmed Combat
 - Level 2.0 Spellcasting
 + Level 2.6 Transmutations


You had 3 spell levels left.
You knew the following spells:

 Your Spells              Type           Power        Failure   Level  Hunger
a - Beastly Appendage     Tmut           #.....       9%          1    ##.....
b - Sticks to Snakes      Tmut           #.......     12%         2    ###....

Your spell library contained the following spells:

 Spells                   Type           Power        Failure   Level  Hunger
 Spider Form              Tmut/Pois      #.........   38%         3    ####...
 Blade Hands              Tmut           #.........   92%         5    ######.
 Ice Form                 Ice/Tmut       #.......     80%         4    #####..


Dungeon Overview and Level Annotations

Branches:
Dungeon (3/15)

Altars:
The Shining One

Annotations:
D:3 Grinder


Innate Abilities, Weirdness & Mutations

Your plain brown scales are hard. (AC +5)
You cannot fit into any form of body armour.
You are cold-blooded and may be slowed by cold attacks.


Message History

You can move again.
Casting: Sticks to Snakes (safe; 12% risk of failure)
Confirm with . or Enter, or press ? or * to list all spells.
You create a snake!
You now have 9 arrows.
Casting: Sticks to Snakes (safe; 12% risk of failure)
Confirm with . or Enter, or press ? or * to list all spells.
You don't have enough magic to cast that spell.
Grinder hits you!
Your ball python closely misses Grinder.
Your ball python barely misses Grinder.
You hit Grinder.
Your tail-slap misses Grinder.
Grinder is lightly wounded.
Grinder hits you but does no damage.
Your ball python closely misses Grinder. x2
You hit Grinder but do no damage.
Grinder is lightly wounded.
Grinder hits you!
* * * LOW HITPOINT WARNING * * *
You writhe in agony.
You die...

... #.## #.. #..
#.# # #.# .#
########.# ..#
.........##...#
####..@S.....#
#.##5##..##
######.##.###.##
.......%..[.5....
######.#####.###
#.# #.# ##.## #
...###...####.#


You could see Grinder and a friendly ball python.

Vanquished Creatures
  An adder (D:2)
  An ooze (D:1)
  A worm (D:2)
  A dart slug (D:1)
  A leopard gecko (D:2)
  8 bats
  2 giant cockroaches
  3 goblins
  5 hobgoblins
  2 jackals (D:2)
  2 kobolds (D:2)
  8 rats
35 creatures vanquished.

Notes
Turn   | Place    | Note
-------+----------+-------------------------------------------
     0 | D:1      | sking99 the Draconian Transmuter began the quest for the Orb.
     0 | D:1      | Reached XP level 1. HP: 16/16 MP: 3/3
     0 | D:1      | Noticed a felid
     4 | D:1      | Noticed a vine stalker
     5 | D:1      | Noticed an ogre
     6 | D:1      | Noticed a dwarf
     7 | D:1      | Noticed a ghoul
     8 | D:1      | Noticed an elf
    10 | D:1      | Noticed an elf
    12 | D:1      | Noticed an elf
    14 | D:1      | Noticed a ghoul
    14 | D:1      | Noticed a dwarf
    14 | D:1      | Noticed a human
    16 | D:1      | Noticed a human
    18 | D:1      | Noticed a ghoul
    18 | D:1      | Noticed an elf
   253 | D:1      | Reached XP level 2. HP: 20/23 MP: 5/5
   917 | D:2      | Reached XP level 3. HP: 29/29 MP: 6/6
  1026 | D:2      | Learned a level 2 spell: Sticks to Snakes
  1524 | D:2      | Found a glowing golden altar of the Shining One.
  1876 | D:3      | Noticed Grinder
  1881 | D:3      | Paralysed by Grinder for 4 turns
  1891 | D:3      | Slain by Grinder

Vault maps used:
D:1:      shiori_arrival_whats_in_store_for_you
D:2:      tso_altar, first_ration, serial_aquarium, aquarium_bridge_straight,
          aquarium_window_corner, aquarium_window_corridor_1, aquarium_window_1,
          aquarium_view_2f
D:3:      cheibrodos_pilgrimage, chequers_ecumenical_altar_island,
          kennysheep_pointless_box, uniq_grinder

Skill      XL: |  1  2  3 |
---------------+----------+-----
Fighting       | 2 |  2.1
Dodging        | |  1.7
Unarmed Combat | |  3.9
Spellcasting   | |  2.0
Transmutations | |  2.6

Action                   || total
-------------------------++-------
Melee: Unarmed           ||   132
       Tailslap          ||    10
 Cast: Sticks to Snakes  ||     3
 Stab: Sleeping          ||     1
  Eat: Chunk             ||     3
Armor: Skin              ||    55
Dodge: Dodged            ||    97

Table legend:
 A = Spawn XP
 B = Non-spawn XP
 C = Spawn XP percentage of total XP
 D = Spawn monster count
 E = Non-spawn monster count
 F = Spawn count percentage of total count
 G = Total turns spent on level
                    A         B        C        D         E        F      G
               +---------+---------+-------+---------+---------+-------+---------
         Total |       0 |      78 |   0.0 |       0 |      35 |   0.0 |  1891
               +---------+---------+-------+---------+---------+-------+---------
           D:1 |       0 |      33 |   0.0 |       0 |      16 |   0.0 |   661
           D:2 |       0 |      43 |   0.0 |       0 |      18 |   0.0 |  1200
           D:3 |       0 |       2 |   0.0 |       0 |       1 |   0.0 |    30
               +---------+---------+-------+---------+---------+-------+---------
